 Dungeon Crawl Stone Soup version 0.20.2-3-g29329e0561 (webtiles) character file.

53 Alfie the Shield-Bearer (level 3, -2/33 HPs)
             Began as a Minotaur Fighter on Jan 29, 2024.
             Slain by a goblin
             ... wielding a +0 club
             ... led by Robin
              (7 damage)
             ... on level 2 of the Dungeon.
             The game lasted 00:01:37 (736 turns).

Alfie the Shield-Bearer (Minotaur Fighter)           Turns: 736, Time: 00:01:39

Health: -2/33      AC:  7    Str: 21    XL:     3   Next: 64%
Magic:  2/2        EV:  7    Int:  5    God:
Gold:   61         SH:  9    Dex:  9    Spells: 2/2 levels left

rFire    . . .     SeeInvis .   a - +0 rapier
rCold    . . .     Gourm    .   c - +0 shield
rNeg     . . .     Faith    .   b - +0 scale mail
rPois    .         Spirit   .   (helmet restricted)
rElec    .         Reflect  .   (no cloak)
rCorr    .         Harm     .   (no gloves)
MR       .....                  (no boots)
Stlth    ..........             (no amulet)
Regen    0.2/turn               (no ring)
MPRegen  0.1/turn               (no ring)

@: lethally poisoned (-2 -> -3)
A: retaliatory headbutt, horns 2
a: no special abilities


You were on level 2 of the Dungeon.
You were not hungry.

You visited 1 branch of the dungeon, and saw 2 of its levels.

You collected 61 gold pieces.

Inventory:

Hand Weapons
 a - a +0 rapier (weapon)
Armour
 b - a +0 scale mail (worn)
 c - a +0 shield (worn)
Scrolls
 e - 2 scrolls of remove curse {unknown}
 g - a scroll of identify {unknown}
 j - a scroll of teleportation {unknown}
 l - a scroll of fear {unknown}
 n - a scroll of enchant armour {unknown}
Potions
 d - a potion of might
 h - a potion of mutation {unknown}
 i - a potion of magic {unknown}
 k - a potion of flight {unknown}
 o - a potion of lignification {unknown}
Comestibles
 f - a bread ration
 m - a royal jelly
 p - 2 meat rations


   Skills:
 + Level 4.1 Fighting
 + Level 2.8 Short Blades
 + Level 4.1 Armour
 + Level 0.2 Dodging
 + Level 4.4 Shields


You had 2 spell levels left.
You didn't know any spells.

Dungeon Overview and Level Annotations

Branches:
Dungeon (2/15)

Altars:
Ru

Annotations:
D:2 Robin


Innate Abilities, Weirdness & Mutations

You reflexively headbutt those who attack you in melee.
You have a pair of horns on your head.


Message History

You furiously retaliate!
You headbutt the goblin. The goblin hits you but does no damage.
The goblin barely misses you. You furiously retaliate!
You headbutt the goblin.
You kill the goblin!
You closely miss the goblin.
You feel sick. You block the hobgoblin's attack. You block the goblin's attack.
Robin closely misses you. The goblin hits you but does no damage.
The goblin hits you with a club.
A hobgoblin comes into view. It is wielding a club.
The hobgoblin shouts!
You hit the goblin.
The goblin is severely wounded.
The goblin hits you but does no damage. Robin hits you but does no damage.
The goblin barely misses you.
The goblin hits you but does no damage. x2
You puncture the goblin!
You kill the goblin!
The hobgoblin hits you with a club. Robin hits you from afar with a spear.
The goblin hits you.
* * * LOW HITPOINT WARNING * * *
You block the goblin's attack. The goblin hits you with a club!
You die...

#..g #... .. #..#
.####.###.# .# ##..#
_##.... ..##.#
##..g##.##.#.###.##.#
##.......##.#.....##.#
##.....gg###..........#
#.....†.gg##.....#.##.#
+.......gg@).......##.#
#........g#g..........#
##.$.....###......###.#
##.....## ##...#.# #.#
##...## #..##.###.#
##+## #.........#
#####<##### #.# #.#


You could see Robin, 3 hobgoblins and 5 goblins.

Vanquished Creatures
  An adder (D:2)
  4 dart slugs (D:1)
  A leopard gecko (D:1)
  2 giant cockroaches (D:1)
  8 goblins
  5 hobgoblins (D:1)
  3 jackals (D:1)
  A quokka (D:2)
  A ball python (D:1)
  2 frilled lizards (D:1)
  2 kobolds (D:1)
  3 rats
33 creatures vanquished.

Notes
Turn   | Place    | Note
-------+----------+-------------------------------------------
     0 | D:1      | Alfie the Minotaur Fighter began the quest for the Orb.
     0 | D:1      | Reached XP level 1. HP: 19/19 MP: 0/0
   172 | D:1      | Reached XP level 2. HP: 26/27 MP: 1/1
   380 | D:1      | Reached XP level 3. HP: 33/33 MP: 2/2
   710 | D:2      | Found a sacrificial altar of Ru.
   727 | D:2      | Noticed Robin
   736 | D:2      | Slain by a goblin

Skill      XL: |  1  2  3 |
---------------+----------+-----
Fighting       | 4 |  4.1
Shields        | 4 |  4.4
Armour         | 4 |  4.1
Short Blades   | |  2.8
Dodging        | |  0.2

Action                   || total
-------------------------++-------
Melee: Rapier            ||    80
       Headbutt          ||     8
Armor: Scale mail        ||    22
Dodge: Dodged            ||    23
Block: Shield            ||    42
